 Dungeon Crawl Stone Soup version 0.29.1-15-g9cfb28693d (webtiles) character file.

Game seed: 17977242906996921465

2349 hawla the Firebug (level 10, -6/71 HPs)
             Began as a Meteoran Fire Elementalist on Feb 21, 2023.
             Was an Initiate of Vehumet.
             Mangled by a two-headed ogre
             ... wielding a +0 giant spiked club
              (29 damage)
             ... on level 8 of the Dungeon.
             The game lasted 00:14:03 (2359 turns).

hawla the Firebug (Meteoran Fire Elementalist)      Turns: 2359, Time: 00:14:04

Health: -6/71      AC:  7    Str:  9      XL:     10   Next: 2%
Magic:  5/21       EV: 13    Int: 22      God:    Vehumet [......]
Gold:   165        SH:  0    Dex: 14 (15) Spells: 5/22 levels left

rFire   . . .      SeeInvis .   w - +5 short sword
rCold   . . .      Faith    .   (no shield)
rNeg    . . .      Spirit   .   a - +0 robe
rPois   .          Reflect  .   j - +0 helmet
rElec   .          Harm     .   h - +0 cloak
rCorr   .          Rampage  .   n - +1 pair of gloves
Will    +....                   f - +0 pair of boots
Stlth   +.........              (no amulet)
HPRegen 0.21/turn               (no ring)
MPRegen 0.17/turn               (no ring)

@: glowing
A: sense surroundings 2, otherworldly, glowing, explore regen, deterioration 1,
evolution 1
a: Renounce Religion


You were on level 8 of the Dungeon.
You worshipped Vehumet.
Vehumet was noncommittal.
You visited 2 branches of the dungeon, and saw 9 of its levels.
You also visited: Sewer.

You collected 165 gold pieces.

Inventory:

Hand Weapons
 w - a +5 short sword (weapon)
Armour
 a - a +0 robe (worn)
 f - a +0 pair of boots (worn)
 h - a +0 cloak (worn)
 j - a +0 helmet (worn)
 n - a +1 pair of gloves (worn)
Jewellery
 b - a ring of willpower
Wands
 o - a wand of mindburst (15)
 v - a wand of charming (8)
Scrolls
 g - 2 scrolls of immolation {unknown}
 l - 2 scrolls of teleportation
 m - 5 scrolls of identify
 p - a scroll of amnesia {unknown}
 q - a scroll of blinking {unknown}
 r - a scroll of fog {unknown}
 t - a scroll of fear {unknown}
Potions
 c - 2 potions of might
 d - 2 potions of berserk rage
 e - a potion of lignification {unknown}
 i - 3 potions of brilliance
 k - 5 potions of flight
 s - a potion of mutation
 u - a potion of magic


   Skills:
 - Level 1.0 Fighting
 - Level 0.5 Short Blades
 - Level 3.5 Dodging
 - Level 1.4 Stealth
 - Level 6.8 Spellcasting
 - Level 6.4 Conjurations
 - Level 6.1 Necromancy
 - Level 7.2 Fire Magic
 + Level 5.4 Ice Magic


You had 5 spell levels left.
You knew the following spells:

 Your Spells              Type           Power      Damage    Failure   Level
a - Foxfire               Conj/Fire      100%       2x1d9     1%          1
b - Scorch                Fire           78%        2d8       1%          2
c - Flame Wave            Conj/Fire      37%        2d10      4%          4
d - Vampiric Draining     Necr           34%        2d8       1%          3
e - Ozocubu's Refrigerat  Ice            15%        4d10      100%        7

Your spell library contained the following spells:

 Spells                   Type           Power      Damage    Failure   Level
 Conjure Flame            Conj/Fire      37%        6-21      1%          3
 Ozocubu's Armour         Ice            31%        N/A       2%          3
 Inner Flame              Hex/Fire       23%        N/A       5%          3
 Slow                     Hex            28%        N/A       9%          1
 Confusing Touch          Hex            7%         N/A       26%         3
 Metabolic Englaciation   Hex/Ice        9%         N/A       58%         5
 Petrify                  Tmut/Erth      7%         N/A       63%         4
 Summon Forest            Summ/Tloc      3%         N/A       93%         5
 Eringya's Noxious Bog    Tmut/Pois      3%         N/A       100%        6
 Statue Form              Tmut/Erth      4%         N/A       100%        6
 Summon Hydra             Summ           3%         N/A       100%        7


Dungeon Overview and Level Annotations

Branches:
Dungeon (8/15) Zot: 2935   Temple (1/1) D:4 Zot: 427   Sewer (visited)
   Lair: D:8-11

Altars:
Ashenzari
Dithmenos
Gozag
Hepliaklqana
Kikubaaqudgha
Makhleb
Okawaru
Qazlal
Sif Muna
Trog
Uskayaw
Vehumet
Wu Jian
Yredelemnul
Zin


Innate Abilities, Weirdness & Mutations

You passively map the area around you.
You are easily found by Zot.
You glow in the dark.
You regain HP and MP as you explore.
Your body sometimes deteriorates upon taking damage.
You have hidden genetic potential.


Message History

You conjure some foxfire!
Casting: Foxfire (safe; 1% risk of failure)
Confirm with . or Enter, or press ? or * to list all spells.
Flames lash the two-headed ogre.
The two-headed ogre is heavily wounded.
The two-headed ogre's fire resistance burns away.
The foxfire hits the two-headed ogre.
The two-headed ogre is burned terribly!
The two-headed ogre is heavily wounded.
The foxfire hits the two-headed ogre but does no damage.
The two-headed ogre is heavily wounded.
Casting: Scorch (safe; 1% risk of failure)
Confirm with . or Enter, or press ? or * to list all spells.
Flames lash the two-headed ogre.
The two-headed ogre is heavily wounded.
The two-headed ogre barely misses you.
The two-headed ogre hits you with a +0 giant club!
Casting: Scorch (safe; 1% risk of failure)
Confirm with . or Enter, or press ? or * to list all spells.
Flames lash the two-headed ogre.
The two-headed ogre is burned terribly!
The two-headed ogre is severely wounded.
The two-headed ogre hits you with a +0 giant spiked club!!
Your body deteriorates!
You feel clumsy.
The two-headed ogre hits you with a +0 giant club!
* * * LOW HITPOINT WARNING * * *
Casting: Scorch (safe; 1% risk of failure)
Confirm with . or Enter, or press ? or * to list all spells.
Aiming: Vampiric Draining (safe; 1% risk of failure)
Press: ? - help, Shift-Dir - straight line, f - two-headed ogre
Aim: a two-headed ogre, wielding a +0 giant spiked club and a +0 giant club (severely wounded, more vulnerable to fire)
You draw life force from the two-headed ogre.
You feel life coursing into your body.
Casting: Vampiric Draining (safe; 1% risk of failure)
Confirm with . or Enter, or press ? or * to list all spells.
Aiming: Vampiric Draining (safe; 1% risk of failure)
Press: ? - help, Shift-Dir - straight line, f/p - two-headed ogre
Aim: a two-headed ogre, wielding a +0 giant spiked club and a +0 giant club (almost dead, more vulnerable to fire)
You draw life force from the two-headed ogre!
You feel life coursing into your body.
The two-headed ogre hits you with a +0 giant spiked club!!
You die...

##..#..###.......#########
, *
##.....##.......).....# *
,,
........................ ,
.........##......####### ,
* #..._...####.#...# , ,*
.........##..#...# ,
.............#...# ** ,
##.....##..###...## *** *
##..#..###.....O@.# * , ,*
* #..###..##........# **
...###......#.....#** * ,,
##..#............## * *
#........≈≈≈≈.... ,, *
###.#....≈....### ***, * *
, #......≈≈≈≈# ⌠,
###.##....## #.#*..... * *


You could see a two-headed ogre (combustible).

Vanquished Creatures
  Maurice (D:8)
  Eustachio (D:4)
  6 yaks
  Menkaure (D:4)
  An orc warrior (D:8)
  An ogre (D:4)
  A bullfrog (D:8)
  A scorpion (D:6)
  3 wights (D:8)
  A hound (D:8)
  A jelly (D:6)
  2 orc priests (D:8)
  Ijyb (D:4)
  An iguana (D:4)
  A merfolk siren (Sewer)
  3 orc wizards
  A merfolk avatar (Sewer)
  4 adders
  A white imp (D:6)
  2 dart slugs (D:3)
  17 orcs
  12 ball pythons
  3 endoplasms
  8 giant cockroaches
  A goblin (D:4)
  9 hobgoblins
  5 quokkas
  3 bats
  3 frilled lizards (Sewer)
  5 kobolds
  22 rats (Sewer)
122 creatures vanquished.

Vanquished Creatures (others)
  169 foxfires
169 creatures vanquished.

Grand Total: 291 creatures vanquished

Notes
Turn   | Place    | Note
-------+----------+-------------------------------------------
     0 | D:1      | hawla the Meteoran Fire Elementalist began the quest for
                  | the Orb.
     0 | D:1      | Reached XP level 1. HP: 14/14 MP: 5/5
    16 | D:1      | Reached XP level 2. HP: 20/20 MP: 1/6
    20 | D:1      | Reached skill level 4 in Fire Magic
   236 | D:3      | Reached XP level 3. HP: 14/26 MP: 3/8
   239 | D:3      | Learned a level 2 spell: Scorch
   513 | D:3      | Reached XP level 4. HP: 33/33 MP: 0/10
   583 | D:3      | Found an ornate altar of the Wu Jian Council.
   653 | D:3      | Found a glowing drain.
   666 | Sewer    | Entered a sewer
   753 | Sewer    | Noticed a sickly merfolk siren
   764 | Sewer    | Killed a sickly merfolk siren
   765 | Sewer    | Reached XP level 5. HP: 22/38 MP: 0/12
   826 | Sewer    | Reached skill level 5 in Fire Magic
   844 | Sewer    | Gained mutation: You occasionally lose the ability to read
                  | scrolls when taking damage. [potion of mutation]
   844 | Sewer    | Gained mutation: You are resistant to electric shocks.
                  | (rElec) [potion of mutation]
   909 | Sewer    | Noticed a malarious merfolk avatar
   915 | Sewer    | Killed a malarious merfolk avatar
   916 | Sewer    | Reached XP level 6. HP: 33/45 MP: 2/13
  1099 | D:4      | Noticed Ijyb
  1100 | D:4      | Noticed Menkaure
  1136 | D:4      | Killed Ijyb
  1136 | D:4      | Killed Menkaure
  1137 | D:4      | Reached skill level 5 in Spellcasting
  1137 | D:4      | Reached XP level 7. HP: 20/51 MP: 2/16
  1142 | D:4      | Learned a level 4 spell: Flame Wave
  1157 | D:4      | Found a shimmering blue altar of Sif Muna.
  1233 | D:4      | Found a basalt altar of Yredelemnul.
  1274 | D:4      | Found a hazy altar of Hepliaklqana.
  1366 | D:4      | Noticed Eustachio
  1375 | D:4      | Killed Eustachio
  1376 | D:4      | Reached skill level 5 in Conjurations
  1491 | D:4      | Reached XP level 8. HP: 51/58 MP: 11/17
  1511 | D:4      | Found a staircase to the Ecumenical Temple.
  1523 | Temple   | Entered the Ecumenical Temple
  1680 | Temple   | Became a worshipper of Vehumet
  1834 | D:5      | Entered Level 5 of the Dungeon
  1834 | D:5      | Noticed a yak
  1834 | D:5      | Noticed a yak
  1839 | D:5      | Noticed a yak
  1841 | D:5      | Killed a yak
  1842 | D:5      | Reached skill level 6 in Fire Magic
  1848 | D:5      | Killed a yak
  1849 | D:5      | Killed a yak
  1850 | D:5      | Reached skill level 1 in Fighting
  1887 | D:6      | Noticed a two-headed ogre
  1910 | D:6      | Reached skill level 7 in Fire Magic
  1986 | D:7      | Learned a level 3 spell: Vampiric Draining
  2036 | D:8      | Found an opulent altar of Gozag.
  2089 | D:8      | Noticed a yak
  2090 | D:8      | Noticed a yak
  2091 | D:8      | Noticed a yak
  2095 | D:8      | Reached skill level 1 in Necromancy
  2095 | D:8      | Gained mutation: You passively map the area around you.
                  | [Meteoran growth]
  2095 | D:8      | Reached XP level 9. HP: 58/64 MP: 14/20
  2102 | D:8      | Reached skill level 5 in Necromancy
  2131 | D:8      | Found a burning altar of Makhleb.
  2145 | D:8      | Learned a level 7 spell: Ozocubu's Refrigeration
  2159 | D:8      | Noticed Maurice
  2169 | D:8      | Killed Maurice
  2179 | D:8      | Found a shadowy altar of Dithmenos.
  2244 | D:8      | Lost mutation: You are resistant to electric shocks.
                  | (rElec) [potion of mutation]
  2244 | D:8      | Lost mutation: You occasionally lose the ability to read
                  | scrolls when taking damage. [potion of mutation]
  2244 | D:8      | Gained mutation: You are occasionally teleported next to
                  | monsters. [potion of mutation]
  2244 | D:8      | Gained mutation: You possess an exceptional clarity of
                  | mind. [potion of mutation]
  2245 | D:8      | Lost mutation: You are occasionally teleported next to
                  | monsters. [potion of mutation]
  2245 | D:8      | Lost mutation: You possess an exceptional clarity of mind.
                  | [potion of mutation]
  2245 | D:8      | Gained mutation: You are weak. (Str -2) [potion of
                  | mutation]
  2246 | D:8      | Lost mutation: You are weak. (Str -2) [potion of mutation]
  2246 | D:8      | Gained mutation: You have hidden genetic potential. [potion
                  | of mutation]
  2246 | D:8      | Gained mutation: Your body sometimes deteriorates upon
                  | taking damage. [potion of mutation]
  2305 | D:8      | Reached skill level 5 in Ice Magic
  2305 | D:8      | Reached XP level 10. HP: 36/71 MP: 9/21
  2348 | D:8      | Noticed a two-headed ogre
  2359 | D:8      | Mangled by a two-headed ogre

Illustrated notes

Levels and vault maps discovered:
D:1:      dpeg_arrival_pits, layout_basic, serial_shops, shop_statue
D:2:      layout_basic, st_stairs_13, dreamdust_mushroom_princess
D:3:      layout_loops_ring, nzn_wu_jian_contemplation,
          shapermc_ecumenical_altar_notcrosses, portal_sewer_entry_f,
          minmay_increasing_density
D:4:      layout_basic, worldfamousw_hep_ancestral_shrine, kennysheep_mini_moat,
          lemuel_crystal_altar, minmay_temple_entry_junction, uniq_menkaure,
          uniq_eustachio, uniq_ijyb
D:5:      layout_basic, fedhas_bush_and_centaur_altar,
          mainiacjoe_overflow_concentric_impassable
D:6:      layout_loops_ring, mainiacjoe_overflow_alcove_2, marbit_many_paths,
          minmay_shop_grid_forest
D:7:      layout_gridville, xom_shifter_show, minmay_between
D:8:      layout_loops_cross, nicolae_dithmenos_shadow_blocks,
          makhleb_blood_cavern_becter, nicolae_gozag_seed_capital,
          ebering_ghost_funeral_grove, serial_rivers,
          chequers_serial_rivers_micro_d, chequers_serial_rivers_micro_c,
          chequers_serial_rivers_large_a, chequers_serial_rivers_micro_e,
          chequers_serial_rivers_small_b, chequers_serial_rivers_micro_a,
          uniq_maurice
Temple:   hellmonk_temple_forest_ring

Skill      XL: |  1  2  3  4  5  6  7  8  9 |
---------------+----------------------------+-----
Spellcasting   | 3 4 5 6 |  6.8
Fire Magic     | 4 5 7 |  7.2
Dodging        | 3 |  3.5
Conjurations   | 2 5 6 |  6.4
Fighting       | 1 |  1.0
Necromancy     | 1 6 |  6.1
Ice Magic      | 5 |  5.4
Short Blades   | |  0.5
Stealth        | |  1.4

Action                   |  1- 3 |  4- 6 |  7- 9 | 10-12 || total
-------------------------+-------+-------+-------+-------++-------
Melee: Unarmed           |     6 |     3 |       |       ||     9
       Short sword       |       |    35 |    12 |       ||    47
 Cast: Foxfire           |    33 |    35 |    26 |     6 ||   100
       Scorch            |     5 |    29 |    25 |     4 ||    63
       Flame Wave        |       |       |    10 |       ||    10
       Vampiric Draining |       |       |       |     2 ||     2
  Use: Scroll            |     1 |     2 |       |       ||     3
       Potion            |       |     3 |     4 |       ||     7
Armor: Robe              |     7 |    26 |    16 |     1 ||    50
Dodge: Dodged            |     7 |    59 |    27 |     1 ||    94
